 Dungeon Crawl Stone Soup version 0.27-a0-1135-g81dfa19a63 (webtiles) character file.

Game seed: 14072095042785192011

24 DarkShadow the Skirmisher (level 2, -3/27 HPs)
             Began as a Minotaur Fighter on May 4, 2021.
             Succumbed to a scorpion's poison
             ... on level 2 of the Dungeon.
             The game lasted 00:01:54 (778 turns).

DarkShadow the Skirmisher (Minotaur Fighter)         Turns: 778, Time: 00:01:54

Health: -3/27      AC: 11    Str: 20    XL:     2   Next: 79%
Magic:  1/1        EV:  3    Int:  5    God:
Gold:   32         SH:  9    Dex:  9    Spells: 1/1 levels left

rFire    . . .     SeeInvis .   a - +0 long sword
rCold    . . .     Faith    .   c - +0 kite shield
rNeg     . . .     Spirit   .   j - +0 plate armour
rPois    .         Reflect  .   (helmet restricted)
rElec    .         Harm     .   (no cloak)
rCorr    .         Rampage  .   (no gloves)
Will     .....                  (no boots)
Stlth    ..........             (no amulet)
HPRegen  0.09/turn              (no ring)
MPRegen  0.07/turn              (no ring)

@: lethally poisoned (-3 -> -13)
A: horns 2, retaliatory headbutt
a: no special abilities


You were on level 2 of the Dungeon.
You visited 1 branch of the dungeon, and saw 2 of its levels.

You collected 32 gold pieces.

Inventory:

Hand Weapons
 a - a +0 long sword (weapon)
Armour
 b - a +0 scale mail
 c - a +0 kite shield (worn)
 j - a +0 plate armour (worn)
Jewellery
 i - a ring of flight
Scrolls
 f - a scroll of teleportation {unknown}
 g - a scroll of noise {unknown}
 h - a scroll of identify {unknown}
 l - a scroll of enchant armour {unknown}
Potions
 d - 2 potions of might
 e - 2 potions of mutation {unknown}
 k - a potion of berserk rage {unknown}


   Skills:
 + Level 4.1 Fighting
 + Level 2.7 Long Blades
 + Level 3.9 Armour
 + Level 4.1 Shields


You had one spell level left.
You didn't know any spells.
Your spell library was empty.

Dungeon Overview and Level Annotations

Branches:
Dungeon (2/15)

Altars:


Innate Abilities, Weirdness & Mutations

You have a pair of horns on your head.
You reflexively headbutt those who attack you in melee.


Message History

No target in view!
No target in view!
No target in view!
No target in view!
No target in view!
Found 21 sling bullets.
d - 2 potions of might (gained 1)
A scorpion comes into view.
A scorpion is nearby!
You barely miss the scorpion.
You headbutt the scorpion, but do no damage.
The scorpion stings you but does no damage.
You block the scorpion's attack.
You hit the scorpion. Your headbutt misses the scorpion.
The scorpion is moderately wounded.
The scorpion stings you.
You are poisoned.
The scorpion poisons you! The scorpion stings you.
You are lethally poisoned!
The scorpion poisons you!
You hit the scorpion.
You headbutt the scorpion, but do no damage.
The scorpion is heavily wounded.
You feel extremely sick. You block the scorpion's attack.
You barely miss the scorpion.
The scorpion is heavily wounded.
You feel very sick. The scorpion barely misses you. The scorpion stings you.
* * * LOW HITPOINT WARNING * * *
You hit the scorpion. You headbutt the scorpion.
The scorpion is almost dead.
* * * LOW HITPOINT WARNING * * *
You feel very sick. The scorpion barely misses you. You furiously retaliate!
You headbutt the scorpion, but do no damage.
You block the scorpion's attack.
You hit the scorpion but do no damage. You headbutt the scorpion.
You kill the scorpion!
You die...

### ..# #.# #.#
#.# #.#
######@##
.........##
#####.#...######
#............#
........##.##.#
#.##.###.#.###.#
# ## #..# #.#
#.# #.# .# #..#
###.### #.#


There were no monsters in sight!

Vanquished Creatures
  A scorpion (D:2)
  2 endoplasms (D:1)
  A giant cockroach (D:2)
  2 goblins (D:1)
  5 hobgoblins
  3 jackals (D:2)
  A quokka (D:1)
  A frilled lizard (D:1)
  A kobold (D:1)
  5 rats
22 creatures vanquished.

Notes
Turn   | Place    | Note
-------+----------+-------------------------------------------
     0 | D:1      | DarkShadow the Minotaur Fighter began the quest for the
                  | Orb.
     0 | D:1      | Reached XP level 1. HP: 19/19 MP: 0/0
   306 | D:1      | Reached XP level 2. HP: 27/27 MP: 1/1
   502 | D:1      | Found a faded altar of an unknown god.
   770 | D:2      | Noticed a scorpion
   777 | D:2      | HP: 1/27 [poisoned by a scorpion]
   778 | D:2      | Killed a scorpion
   778 | D:2      | Succumbed to a scorpion's poison

Illustrated notes

Levels and vault maps discovered:
D:1:      dpeg_arrival_round_c, layout_rooms,
          hellmonk_ecumenical_altar_leap_of_faith
D:2:      layout_loops_ring, serial_bayou_pond_c, minivault_24, uniq_robin

Skill      XL: |  1  2 |
---------------+-------+-----
Shields        | 4 |  4.1
Fighting       | 4 |  4.1
Long Blades    | |  2.7
Armour         | |  3.9

Action                   || total
-------------------------++-------
Melee: Long sword        ||    62
       Headbutt          ||    10
Armor: Scale mail        ||     7
       Plate armour      ||    34
Dodge: Dodged            ||    15
Block: Kite shield       ||    31
       Rpst.: Long sword ||     6

Table legend: (Time is in decaauts)
 A = Elapsed time spent in this place.
 B = Non-inter-level travel time spent in this place.
 C = Inter-level travel time spent in this place.
 D = Time resting spent in this place.
 E = Time spent auto-exploring this place.
 F = Levels seen in this place.
 G = Mean time per level.
                   A        B        C        D        E       F      G
               +--------+--------+--------+--------+--------+-----+--------+
         Total |    808 |    756 |     52 |      0 |    595 |   2 |  404.0 |
       Dungeon |    808 |    756 |     52 |      0 |    595 |   2 |  404.0 |
               +--------+--------+--------+--------+--------+-----+--------+

Top non-repeatable levels by time:
     D:1: 711 daAuts
     D:2: 96 daAuts
